 Dungeon Sprint DCSS version 0.14.1-24-gbdbe590 (console) character file.

4800000 Kiel97 the Intangible (level 21, -64/265 HPs)
             Began as a Troll Berserker on June 27, 2014.
             Was the Champion of Makhleb.
             Annihilated by The Servant
             ... wielding a +9,+9 glaive of flaming
              (121 damage)
             ... in the Dungeon (Sprint VIII: "Arena of Blood").
             The game lasted 00:03:45 (48 turns).

Kiel97 the Intangible (Troll Berserker)               Turns: 48, Time: 00:03:45

HP -64/265       AC  6     Str 35      XL: 21   Next: 10%
MP  10/38        EV 24     Int  3      God: Makhleb [******]
Gold 0           SH  0     Dex 12      Spells:  0 memorised, 49 levels left

rFire  . . .     SeeInvis .     j - +∞ Axe of Woe
rCold  . . .     Clarity  .     b - +0 animal skin
rNeg   . . .     Conserve .     (shield restricted)
rPois  .         rCorr    .     (helmet restricted)
rElec  .         rRot     .     (no cloak)
SustAb . .       Spirit   .     (gloves unavailable)
rMut   .         Warding  .     (boots unavailable)
Gourm  +         NoTele   +     (no amulet)
MR     +....                    (no ring)
                                (no ring)

@: somewhat resistant to hostile enchantments, very stealthy
A: unfitting armour, claws 3, fast metabolism 3, gourmand, regeneration 2,
saprovore 2, shaggy fur 1, tough skin 2
a: Minor Destruction, Lesser Servant of Makhleb, Major Destruction, Greater
Servant of Makhleb, Renounce Religion


You were in the Dungeon.
You worshipped Makhleb.
Makhleb was exalted by your worship.
You were not hungry.

You visited 1 branch

Inventory:

Hand weapons
 a - a +0,+0 hand axe
 j - the +∞,+∞ Axe of Woe (weapon)
   (You found it in the Dungeon)
Armour
 b - a +0 animal skin (worn)
Comestibles
 c - 2 meat rations
Potions
 d - a potion of curing
 e - a potion of heal wounds
 f - a potion of haste
 g - 2 potions of magic
 h - a potion of berserk rage


   Skills:
 O Level 27 Fighting
 O Level 27 Axes
 + Level 20.3 Throwing
 + Level 18.9 Armour
 O Level 27 Dodging
 + Level 16.3 Stealth
 + Level 21.8 Unarmed Combat
 + Level 14.8 Spellcasting
 + Level 19.8 Invocations


You had 49 spell levels left.
You didn't know any spells.

Dungeon Overview and Level Annotations

Branches:
Dungeon (1/1)

Altars:
Makhleb

Annotations:
D The Servant


Innate Abilities, Weirdness & Mutations

You are too large for most types of armour.
You have claws for hands.
Your metabolism is lightning-fast.
You like to eat raw meat.
You heal very quickly.
You can eat rotten meat.
You are covered in fur (AC +1).
You have very tough skin (AC +2).


Message History

The corpses begin to drag themselves along the ground!
You hit the bag of meat but do no damage.
You fatally mangle the bag of meat.
You kill the bag of meat!
Makhleb accepts your kill.
You feel a little better.
Your Throwing skill increases to level 20!
You have reached level 21!
Your experience leads to an increase in your attributes!
Increase (S)trength, (I)ntelligence, or (D)exterity?
You feel agile.
You feel stronger.
You are engulfed in roaring flames.
* * * LOW HITPOINT WARNING * * *
You hear a shout! x5
You are engulfed in roaring flames.
* * * LOW HITPOINT WARNING * * *
You hear a shout! x9
The Servant is engulfed in roaring flames.
The Servant hits you from afar with a +9,+9 glaive of flaming!
You die...

... ..... .. #...
.# #... ..#
..###... ..###.
.....z###......
..X@xx...%..
#)§§..# #@§<._#
#))z..#
#......)§_......O
........###......
...###..z ..###.
.. #... ..# #....
.# ..... ..
.......


You could see The Servant, 3 sculptors of flesh and a large abomination.

Vanquished Creatures
  5 hill giants (D)
  13 ogres (D)
  16 orcs (D)
  A skeletal warrior (D)
  6 vampire knights (D)
  2 large abominations (D)
  A small abomination (D)
44 creatures vanquished.

Vanquished Creatures (others)
  2 crawling corpses (D)
2 creatures vanquished.

Grand Total: 46 creatures vanquished

Notes
Turn   | Place    | Note
--------------------------------------------------------------
     0 | D        | Kiel97, the Troll Berserker, began the quest for the Orb.
     0 | D        | Reached XP level 1. HP: 22/22 MP: 1/1
     3 | D        | Noticed a meat berserker
     4 | D        | Fell from the grace of Trog
     4 | D        | Became a worshipper of Makhleb the Destroyer
     5 | D        | Killed a meat berserker
     5 | D        | Reached skill level 13 in Fighting
     5 | D        | Reached skill level 14 in Dodging
     5 | D        | Reached XP level 2. HP: 27/52 MP: 1/1
     5 | D        | Reached XP level 3. HP: 30/59 MP: 2/2
     5 | D        | Reached XP level 4. HP: 34/68 MP: 2/2
     5 | D        | Reached XP level 5. HP: 38/76 MP: 2/2
     5 | D        | Reached XP level 6. HP: 42/85 MP: 3/3
     5 | D        | Reached XP level 7. HP: 45/93 MP: 3/3
     5 | D        | Reached XP level 8. HP: 49/102 MP: 3/3
     5 | D        | Reached XP level 9. HP: 52/110 MP: 4/4
     5 | D        | Reached XP level 10. HP: 56/119 MP: 4/4
     5 | D        | Reached XP level 11. HP: 59/127 MP: 4/4
     7 | D        | Noticed a bag of meat
     8 | D        | Noticed a meat berserker
     9 | D        | Noticed a meat berserker
    10 | D        | Killed a meat berserker
    10 | D        | Acquired Makhleb's first power
    10 | D        | Reached skill level 15 in Fighting
    10 | D        | Reached skill level 15 in Axes
    10 | D        | Reached skill level 16 in Dodging
    10 | D        | Reached XP level 12. HP: 67/141 MP: 5/5
    11 | D        | Killed a meat berserker
    11 | D        | Reached skill level 18 in Dodging
    11 | D        | Reached XP level 13. HP: 72/153 MP: 5/5
    12 | D        | Noticed a bag of meat
    12 | D        | Noticed a meat berserker
    13 | D        | Noticed a bag of meat
    13 | D        | Noticed a bag of meat
    14 | D        | Noticed a bag of meat
    14 | D        | Killed a bag of meat
    14 | D        | Reached skill level 19 in Dodging
    15 | D        | Noticed a meat berserker
    15 | D        | Noticed a meat berserker
    15 | D        | Killed a bag of meat
    15 | D        | Acquired Makhleb's second power
    15 | D        | Reached skill level 20 in Dodging
    15 | D        | Reached XP level 14. HP: 117/169 MP: 5/5
    15 | D        | Killed a meat berserker
    15 | D        | Reached skill level 21 in Dodging
    16 | D        | Noticed a meat berserker
    16 | D        | Killed a meat berserker
    16 | D        | Reached XP level 15. HP: 132/180 MP: 6/6
    17 | D        | Noticed a bag of meat
    17 | D        | Noticed a meat berserker
    17 | D        | Noticed a meat berserker
    17 | D        | Noticed a bag of meat
    18 | D        | Noticed a bag of meat
    19 | D        | Noticed a destroyer
    19 | D        | Killed a meat berserker
    19 | D        | Acquired Makhleb's third power
    19 | D        | Reached skill level 22 in Dodging
    20 | D        | Noticed a bag of meat
    20 | D        | Noticed a large bag of meat
    20 | D        | Noticed a destroyer
    20 | D        | Killed a bag of meat
    20 | D        | Reached skill level 23 in Dodging
    21 | D        | Noticed a large bag of meat
    21 | D        | Killed a meat berserker
    22 | D        | Noticed a bag of meat
    22 | D        | Killed a bag of meat
    22 | D        | Acquired Makhleb's fourth power
    22 | D        | Reached skill level 24 in Dodging
    22 | D        | Reached XP level 16. HP: 194/198 MP: 6/6
    22 | D        | Killed a meat berserker
    22 | D        | Killed a meat berserker
    22 | D        | Reached skill level 25 in Dodging
    23 | D        | Noticed a bag of meat
    23 | D        | Killed a destroyer
    25 | D        | Killed a bag of meat
    25 | D        | Acquired Makhleb's fifth power
    25 | D        | Reached skill level 26 in Dodging
    25 | D        | Reached XP level 17. HP: 159/214 MP: 6/6
    25 | D        | Killed a bag of meat
    25 | D        | Killed a large bag of meat
    25 | D        | Killed a destroyer
    25 | D        | Reached skill level 27 in Dodging
    26 | D        | Killed a bag of meat
    26 | D        | Reached skill level 27 in Axes
    26 | D        | Killed a bag of meat
    26 | D        | Reached skill level 27 in Fighting
    26 | D        | Reached XP level 18. HP: 228/236 MP: 7/7
    27 | D        | Noticed a bag of meat
    28 | D        | Killed a large bag of meat
    28 | D        | Reached skill level 5 in Unarmed Combat
    29 | D        | Noticed a destroyer
    29 | D        | Killed a bag of meat
    29 | D        | Reached skill level 5 in Stealth
    31 | D        | Noticed a bag of meat
    31 | D        | Noticed a large bag of meat
    31 | D        | Killed a bag of meat
    31 | D        | Reached skill level 5 in Spellcasting
    32 | D        | Noticed a destroyer
    32 | D        | Noticed a meat berserker
    32 | D        | Killed a large bag of meat
    32 | D        | Reached skill level 10 in Unarmed Combat
    33 | D        | Killed a bag of meat
    33 | D        | Reached skill level 10 in Throwing
    33 | D        | Reached skill level 10 in Invocations
    34 | D        | Noticed a bag of meat
    35 | D        | Noticed a bag of meat
    35 | D        | Noticed a meat berserker
    35 | D        | Noticed a large bag of meat
    35 | D        | Killed a destroyer
    35 | D        | Reached skill level 10 in Armour
    36 | D        | Killed a bag of meat
    36 | D        | Reached XP level 19. HP: 245/245 MP: 8/31
    37 | D        | Noticed a large bag of meat
    37 | D        | Noticed The Servant
    37 | D        | Killed a meat berserker
    37 | D        | Reached skill level 10 in Stealth
    37 | D        | Killed a large bag of meat
    38 | D        | Killed a meat berserker
    38 | D        | Reached skill level 15 in Unarmed Combat
    38 | D        | Reached skill level 10 in Spellcasting
    39 | D        | Noticed a sculptor of flesh
    40 | D        | Noticed a destroyer
    40 | D        | Noticed a sculptor of flesh
    40 | D        | Noticed a destroyer
    40 | D        | Killed a bag of meat
    40 | D        | Reached skill level 15 in Throwing
    41 | D        | Killed a destroyer
    41 | D        | Reached skill level 15 in Invocations
    42 | D        | Noticed a meat berserker
    42 | D        | Killed a bag of meat
    42 | D        | Reached skill level 15 in Armour
    42 | D        | Reached XP level 20. HP: 256/256 MP: 9/35
    42 | D        | Killed a sculptor of flesh
    43 | D        | Noticed a meat berserker
    43 | D        | Noticed a bag of meat
    43 | D        | Killed a meat berserker
    44 | D        | Killed a large bag of meat
    44 | D        | Killed a bag of meat
    44 | D        | Killed a destroyer
    44 | D        | Reached skill level 15 in Stealth
    46 | D        | Noticed a sculptor of flesh
    46 | D        | Killed a meat berserker
    46 | D        | Killed a destroyer
    47 | D        | Killed a bag of meat
    47 | D        | Reached XP level 21. HP: 87/265 MP: 10/38
    48 | D        | Annihilated by The Servant

Action                   |  1- 3 |  4- 6 |  7- 9 | 10-12 | 13-15 | 16-18 | 19-21 || total
-------------------------+-------+-------+-------+-------+-------+-------+-------++-------
Melee: Executioner's axe |     1 |       |       |     2 |     7 |    10 |     9 ||    29
